 Dungeon Crawl Stone Soup version 0.24-a0-284-g9fb9971df1 (webtiles) character file.

Game seed: 12611979352342761789

28 Redear the Skirmisher (level 2, 0/24 HPs)
             Began as a Demonspawn Chaos Knight on May 6, 2019.
             Was a Plaything of Xom.
             Slain by a kobold (2 damage)
             ... on level 1 of the Dungeon.
             The game lasted 00:00:51 (272 turns).

Redear the Skirmisher (Demonspawn Chaos Knight)      Turns: 272, Time: 00:00:52

Health: 0/24       AC:  7    Str: 12    XL:     2   Next: 96%
Magic:  2/2        EV: 11    Int: 13    God:    Xom [..*...]
Gold:   24         SH:  0    Dex: 12    Spells: 1/1 levels left

rFire    . . .     SeeInvis .     - Unarmed
rCold    . . .     Gourm    .   (no shield)
rNeg     . . .     Faith    .   a - +2 leather armour
rPois    .         Spirit   .   (no helmet)
rElec    .         Reflect  .   (no cloak)
rCorr    .         Harm     .   (no gloves)
MR       .....                  (no boots)
Stlth    +.........             (no amulet)
HPRegen  0.08/turn              (no ring)
MPRegen  0.08/turn              (no ring)

@: no status effects
A: iridescent scales 1
a: Renounce Religion


You were on level 1 of the Dungeon.
You worshipped Xom.
You were a toy of Xom.
You were not hungry.

You visited 1 branch of the dungeon, and saw 1 of its levels.

You collected 24 gold pieces.

Inventory:

Armour
 a - a +2 leather armour (worn)
Scrolls
 b - a scroll of identify {unknown}
Comestibles
 z - a ration


   Skills:
 + Level 3.3 Fighting
 + Level 2.1 Armour
 + Level 1.5 Dodging
 + Level 3.0 Unarmed Combat


You had one spell level left.
You didn't know any spells.
Your spell library was empty.

Dungeon Overview and Level Annotations

Branches:
Dungeon (1/15)

Altars:


Innate Abilities, Weirdness & Mutations

You are partially covered in iridescent scales. (AC +2)


Message History

You hit the kobold.
The kobold is heavily wounded.
The kobold hits you but does no damage.
You closely miss the kobold.
The kobold is heavily wounded.
The kobold misses you.
You closely miss the kobold.
The kobold is heavily wounded.
The kobold hits you but does no damage.
You hit the kobold but do no damage.
The kobold is heavily wounded.
The kobold closely misses you.
You barely miss the kobold.
The kobold is heavily wounded.
The kobold hits you but does no damage.
You closely miss the kobold.
The kobold is heavily wounded.
The kobold hits you.
You die... "It's all fun and games until someone loses an eye."

#................##.###...#
#...........#.##..#.#.....#
#..........................
#.............#.#......#..†
###.#####.........#........
##.#...)†............##...
#....####.....##.#...##)..
#..#####K.......)#........
##...###..@#####....#.†....
#######...(##..#.##
#...>......
.......(#.).......#
#..........
..................#
..##.......
.......##............ (
#####...
......##$............ #...
......##.###......... ##.#
......##. #.......... #..
..)..J##. #.........##


You could see a kobold.

Vanquished Creatures
  An ooze (D:1)
  3 bats (D:1)
  A giant cockroach (D:1)
  3 goblins (D:1)
  4 hobgoblins (D:1)
  A ball python (D:1)
  2 frilled lizards (D:1)
  6 kobolds (D:1)
  A rat (D:1)
22 creatures vanquished.

Notes
Turn   | Place    | Note
-------+----------+-------------------------------------------
     0 | D:1      | Redear the Demonspawn Chaos Knight began the quest for the
                  | Orb.
     0 | D:1      | Reached XP level 1. HP: 18/18 MP: 1/1
    26 | D:1      | Reached skill level 1 in Dodging
    69 | D:1      | Reached skill level 2 in Armour
   106 | D:1      | Gained mutation: You are partially covered in iridescent
                  | scales. (AC +2) [demonic ancestry]
   106 | D:1      | Reached XP level 2. HP: 21/24 MP: 2/2
   253 | D:1      | Reached skill level 3 in Unarmed Combat
   261 | D:1      | HP: 2/24 [kobold (1)]
   272 | D:1      | Slain by a kobold

Levels and vault maps discovered:
D:1:      elethiomel_arrival_quiet, layout_rooms, kennysheep_boxes

Skill      XL: |  1  2 |
---------------+-------+-----
Dodging        | 1 |  1.5
Armour         | 2 |  2.1
Unarmed Combat | 3 |  3.0
Fighting       | |  3.3

Action                   || total
-------------------------++-------
Melee: Unarmed           ||   105
       Punch             ||     2
 Stab: Distracted        ||     1
Armor: Leather armour    ||    48
Dodge: Dodged            ||    82

Table legend:
 A = Non-vault XP
 B = Vault XP
 C = Vault XP percentage of total XP
 D = Non-vault monster count
 E = Vault monster count
 F = Vault count percentage of total count
                 A         B        C        D         E       F
            +---------+---------+-------+---------+---------+-------
      Total |      40 |       0 |   0.0 |      22 |       0 |   0.0
            +---------+---------+-------+---------+---------+-------
        D:1 |      40 |       0 |   0.0 |      22 |       0 |   0.0
            +---------+---------+-------+---------+---------+-------
